Map: Sueño ártico EE

Players

Kochito - Winner!

  • Race: Protoss Protoss
  • League: Platinum
  • Spawn Location: 11:00

SHlTfoBRANES - Winner!

  • Race: Terran Terran
  • Spawn Location: 12:00

MrFercho

  • Race: Zerg Zerg
  • League: Gold
  • Spawn Location: 5:00

TATORREA

  • Race: Protoss Protoss
  • League: Gold
  • Spawn Location: 6:00

VOD

Have the link to the VOD?

Description

Time

  • Played on: Aug. 13, 2020, 10:11 p.m.
  • Length: 8:02
Show
View Real Time Build Order
Export as new Build Order

Kochito Protoss - Winner!

Build Orders:  

Get SALT Encoding   

  12  0:01  Probe  
  14  0:14  Probe  
  14  0:21  Pylon  
  14  0:28  Probe  
  15  0:39  Gateway  
  15  0:40  Probe  
  16  0:52  Probe  
  17  0:58  Assimilator  
  18  1:04  Probe  
  18  1:12  Gateway  
  18  1:16  Probe  
  19  1:19  Pylon  
  19  1:28  Probe  
  19  1:32  Pylon  
  20  1:42  Pylon  
  20  1:58  Probe  
  20  2:04  Cybernetics Core  
  20  2:05  Pylon  
  20  2:09  Assimilator  
  20  2:11  Probe  
  21  2:23  Probe  
  22  2:39  Warp Gate (Chrono Boost)  
  22  2:40  Stalker x2  
  26  3:11  Stalker x2 (Chrono Boost)  
  30  3:35  Nexus  
  30  3:37  Pylon  
  30  4:02  Stalker x2  
  30  5:14  Stalker  
  30  5:15  Stalker  
  30  5:19  Probe (Chrono Boost)  
  36  5:26  Twilight Council, Probe (Chrono Boost)  
  36  5:28  Probe (Chrono Boost)  
  37  5:29  Pylon  
  37  5:32  Pylon, Probe (Chrono Boost)  
  37  5:33  Probe (Chrono Boost)  
  39  5:44  Stalker x2, Probe (Chrono Boost)  
  39  5:45  Probe (Chrono Boost)  
  45  5:55  Gateway  
  45  5:56  Gateway  
  47  5:57  Probe (Chrono Boost)  
  47  5:58  Gateway  
  47  5:59  Gateway  
  47  6:01  Assimilator  
  47  6:02  Probe (Chrono Boost)  
  47  6:05  Probe (Chrono Boost)  
  47  6:08  Probe (Chrono Boost)  
  47  6:11  Stalker x2, Probe  
  54  6:20  Probe  
  54  6:23  Probe  
  56  6:32  Probe  
  57  6:35  Probe  
  58  6:44  Probe  
  57  6:48  Probe  
  58  7:00  Probe  
  57  7:32  Stalker x6  
  69  7:43  Assimilator  
Show
View Real Time Build Order
Export as new Build Order

SHlTfoBRANES Terran - Winner!

Build Orders:  

Get SALT Encoding   

  12  0:17  Supply Depot, SCV  
  12  0:20  Refinery  
  13  0:29  SCV  
  14  0:41  SCV  
  15  0:45  Barracks  
  15  0:56  SCV  
  16  1:05  Barracks  
  16  1:08  SCV  
  17  1:18  Refinery  
  17  1:20  SCV  
  18  1:35  Reaper  
  19  1:40  Supply Depot  
  19  1:47  SCV  
  20  1:55  Reaper  
  20  2:00  SCV  
  22  2:15  Reaper  
  23  2:17  SCV  
  24  2:29  Factory, SCV  
  25  2:30  Reaper  
  26  2:41  SCV  
  27  2:48  Barracks Reactor  
  27  2:53  SCV  
  28  3:03  Barracks Tech Lab  
  28  3:12  Factory Tech Lab  
  28  3:15  Orbital Command  
  28  3:33  Marine x3  
  31  3:43  Siege Tank  
  34  4:14  Marine x2  
  34  4:15  Marine  
  37  4:17  Siege Tank  
  38  5:11  Marine  
  39  5:16  Supply Depot  
  39  5:18  Supply Depot  
  39  5:19  Supply Depot, Command Center  
  39  5:29  Engineering Bay  
  39  5:30  Combat Shield  
  39  5:32  Marine  
  39  5:34  Marine  
  39  5:37  Marine, Siege Tank  
  43  5:50  Marine  
  43  5:51  Marine  
  43  5:54  Command Center  
  43  5:55  Marine  
  43  5:56  Terran Infantry Weapons Level 1  
  46  6:08  Marine  
  46  6:09  Marine  
  48  6:15  Marine  
  49  6:19  Supply Depot  
  49  6:26  Marine  
  49  6:27  Marine  
  51  6:33  Marine  
  48  7:38  Marine x3  
  48  7:42  SCV  
  55  7:45  SCV  
Show
View Real Time Build Order
Export as new Build Order

MrFercho Zerg 

Build Orders: Hatch First 

Get SALT Encoding   

  12  0:00  Drone  
  13  0:17  Overlord  
  13  0:18  Drone  
  16  0:35  Drone x2  
  16  0:50  Hatchery  
  16  0:54  Drone  
  16  1:03  Drone x2  
  18  1:18  Extractor  
  17  1:22  Drone  
  17  1:23  Spawning Pool  
  17  1:24  Drone  
  19  1:32  Drone  
  19  1:52  Drone  
  20  1:55  Overlord  
  20  2:07  Drone x2  
  22  2:09  Queen x2  
  26  2:27  Zergling x4  
  26  2:29  Drone  
  29  2:30  Drone  
  29  2:34  Drone  
  31  2:39  Drone  
  32  2:45  Overlord  
  34  2:52  Lair  
  34  2:54  Queen  
  34  3:00  Drone  
  34  3:01  Drone  
  34  3:02  Overlord  
  36  3:06  Drone  
  36  3:07  Roach Warren  
  36  3:11  Extractor x2  
  34  3:14  Drone  
  34  3:19  Drone x2  
  38  3:20  Drone  
  38  3:30  Drone x2  
  38  3:31  Drone x2  
  38  3:32  Overlord  
  42  3:45  Drone x2  
  44  3:59  Glial Reconstitution  
  44  4:05  Evolution Chamber, Roach x5  
  52  4:16  Overlord  
  51  4:37  Drone x3  
  51  4:38  Drone x3  
  57  4:42  Hydralisk Den  
  56  4:56  Roach x3  
  62  5:08  Roach x2  
  66  5:33  Muscular Augments  
  66  5:56  Roach  
  68  5:57  Overlord x4  
  68  6:08  Overlord  
  68  6:09  Overlord x2  
  68  6:22  Roach x6  
  76  6:44  Grooved Spines  
  76  6:47  Roach  
  76  6:48  Roach x4  
  68  7:12  Roach  
  68  7:13  Roach x7  
  72  7:21  Roach x4  
Show
View Real Time Build Order
Export as new Build Order

TATORREA Protoss 

Build Orders:  

Get SALT Encoding   

  12  0:02  Probe  
  13  0:14  Probe  
  14  0:25  Pylon  
  14  0:26  Probe  
  15  0:43  Probe  
  15  0:49  Gateway  
  16  0:55  Probe  
  17  1:07  Probe  
  18  1:18  Gateway  
  18  1:20  Probe  
  19  1:28  Assimilator  
  19  1:31  Assimilator  
  19  1:32  Probe  
  20  1:44  Probe  
  21  1:58  Probe  
  21  2:07  Pylon  
  21  2:10  Probe  
  21  2:12  Pylon  
  22  2:24  Probe  
  22  2:28  Cybernetics Core  
  23  2:46  Gateway  
  23  2:49  Gateway  
  23  3:04  Warp Gate  
  23  3:05  Stalker  
  23  3:06  Stalker  
  27  3:14  Twilight Council  
  27  3:44  Nexus  
  27  3:46  Pylon  
  17  4:55  Stalker  
  13  5:37  Stalker  
  15  5:57  Stalker  
  15  6:01  Probe x2  
  19  6:21  Pylon  
  19  6:24  Pylon  
  17  6:32  Probe x2  
  19  6:41  Pylon  
  19  6:48  Stalker  
  19  6:50  Probe x2  
  23  7:02  Probe  
  23  7:03  Probe  
  25  7:12  Shield Battery  
  25  7:14  Shield Battery  
  25  7:15  Probe x2  
Tags
 
Add a new tag
Caveats
  • Supply blocks, unpowered buildings, or Contaminate may cause inaccurate times.
  • Supply counts are checked every 10 seconds.